 Dungeon Crawl Stone Soup version 0.27.1-3-gb3d3a73c9e (webtiles) character file.

Game seed: 10112939182706191892

1823 Urokeeper the Carver (level 9, -9/51 (59) HPs)
             Began as a Kobold Gladiator on Oct 20, 2021.
             Was a Follower of Uskayaw.
             Mangled by a wight (10 damage)
             ... while paralysed by a wight
             ... on level 7 of the Dungeon.
             The game lasted 00:34:57 (10896 turns).

Urokeeper the Carver (Kobold Gladiator)            Turns: 10896, Time: 00:34:57

HP:   -9/51 (59)    AC: 10    Str: 11    XL:     9   Next: 32%
MP:   9/9           EV:  3    Int:  9    God:    Uskayaw [*.....]
Gold: 280           SH:  0    Dex: 26    Spells: 8/8 levels left

rFire    + . .     SeeInvis .   a - +0 long sword
rCold    . . .     Faith    .   (shield restricted)
rNeg     . . .     Spirit   .   f - +3 leather armour {rF+}
rPois    .         Reflect  +   c - +0 helmet
rElec    .         Harm     .   y - +1 cloak
rCorr    .         Rampage  .   b - +0 pair of gloves
Will     .....                  (no boots)
Stlth    +++.......             t - amulet of reflection
HPRegen  0.17/turn              B - +6 ring of dexterity
MPRegen  0.11/turn              n - +4 ring of evasion

@: paralysed, heavily drained
A: small, no large weapons, nightstalker 3
a: Renounce Religion, Stomp


You were on level 7 of the Dungeon.
You worshipped Uskayaw.
Uskayaw was noncommittal.
You visited 2 branches of the dungeon, and saw 8 of its levels.

You collected 280 gold pieces.

Inventory:

Hand Weapons
 a - a +0 long sword (weapon)
 e - a +1 dagger of venom
 i - a +0 dagger
 s - a +0 dagger of speed
 C - a +0 rapier
Armour
 b - a +0 pair of gloves (worn)
 c - a +0 helmet (worn)
 f - a +3 leather armour of fire resistance (worn)
 y - a +1 cloak (worn)
Jewellery
 k - a +6 ring of intelligence
 l - a +6 ring of intelligence
 n - a +4 ring of evasion (right hand)
 p - a ring of ice
 t - an amulet of reflection (around neck)
 u - a ring of fire
 B - a +6 ring of dexterity (left hand)
Scrolls
 j - a scroll of enchant weapon
 m - a scroll of noise
Potions
 d - a potion of mutation {unknown}
 v - a potion of curing
 w - 2 potions of magic {unknown}
 x - 2 potions of flight {unknown}


   Skills:
 + Level 7.8 Fighting
 + Level 8.1 Long Blades
 - Level 2.1 Throwing
 - Level 3.6 Dodging


You had 8 spell levels left.
You didn't know any spells.
Your spell library contained the following spells:

 Spells                   Type           Power      Damage    Failure   Level
 Magic Dart               Conj           0%         1d3       47%         1
 Corpse Rot               Necr/Air       N/A        N/A       63%         2
 Poisonous Vapours        Pois/Air       0%         N/A       63%         2
 Searing Ray              Conj           0%         3d3       63%         2
 Dazzling Flash           Conj/Hex       0%         N/A       85%         3
 Gell's Gravitas          Tloc           0%         N/A       85%         3
 Lesser Beckoning         Tloc           0%         N/A       85%         3
 Teleport Other           Tloc           0%         N/A       85%         3
 Fulminant Prism          Conj/Hex       0%         3d6       99%         4
 Iskenderun's Mystic Bla  Conj/Tloc      0%         2d3       99%         4
 Freezing Cloud           Conj/Ice/Air   0%         6-21      100%        5
 Starburst                Conj/Fire      0%         6d3       100%        6
 Malign Gateway           Summ/Tloc      0%         N/A       100%        7
 Summon Horrible Things   Summ           0%         N/A       100%        8


Dungeon Overview and Level Annotations

Branches:
Dungeon (7/15)             Temple (1/1) D:5

Altars:
Ashenzari
Cheibriados
Dithmenos
Gozag
Hepliaklqana
Nemelex Xobeh
Okawaru
Ru
Sif Muna
Uskayaw
Vehumet
Wu Jian
Xom
Yredelemnul

Annotations:
D:5 exclusions: 2 scorpions and 1 more exclusion
D:7 1 exclusion


Innate Abilities, Weirdness & Mutations

You are small and have problems with some larger weapons.
You are completely attuned to the shadows.


Message History

The wight is moderately damaged.
The wight hits you with a +0 morningstar of protection.
You hit the wight but do no damage.
The wight is moderately damaged.
The wight misses you.
You hit the wight.
The wight is heavily damaged.
The wight barely misses you.
You hit the wight but do no damage.
The wight is heavily damaged.
The wight closely misses you.
You closely miss the wight.
The wight is heavily damaged.
The wight completely misses you.
You closely miss the wight.
The wight is heavily damaged.
The wight barely misses you.
You hit the wight.
The wight is severely damaged.
You block the wight's attack.
You barely miss the wight.
The wight is severely damaged.
The wight zaps a wand.
You suddenly lose the ability to move!
The wight hits you with a +0 morningstar of protection.
A wight comes into view. It is wielding a +0 halberd.
The wight hits you from afar with a +3 trident!
You feel drained. The wight barely misses you.
The wight hits you from afar with a +3 trident.
The wight hits you with a +0 morningstar of protection.
The wight hits you from afar with a +3 trident!
The wight hits you with a +0 morningstar of protection!
* * * LOW HITPOINT WARNING * * *
You feel drained.
* * * LOW HITPOINT WARNING * * *
The wight hits you from afar with a +3 trident.
* * * LOW HITPOINT WARNING * * *
You feel drained.
* * * LOW HITPOINT WARNING * * *
The wight hits you with a +0 morningstar of protection!
You die...

#.# #..###.##.#.# #..##.....)...
#.###......##.#.# #.............
#.............#.# #.............
#.#........####.# #..........###
#.####.###.####.###...#...#..# #
#.# #'###'##.........#...#..###
### ...(...#.#.###.............
.......#.#.###..........###
.......#..@.z...........###
#..##'##.z####z.#........##
#.....##..# #<............
#.........# #..##...#...##
#..##.##..####..##.........
#..##.##...................
#######....................#...##
#...........).....#..#.........#
#.######....####...........#.#.#


You could see 3 wights.

Vanquished Creatures
  A water moccasin (D:6)
  An ice beast (D:6)
  2 orc warriors
  A necrophage (D:7)
  An ogre (D:4)
  A bullfrog (D:7)
  A scorpion (D:5)
  A wyvern skeleton (D:6)
  4 wights (D:7)
  3 howler monkeys (D:7)
  2 orc priests
  A jelly (D:6)
  A bullfrog zombie (D:6)
  A gnoll shaman (D:4)
  3 hounds
  Crazy Yiuf (D:6)
  A bullfrog skeleton (D:6)
  Natasha (D:2)
  Terence (D:3)
  2 centaur skeletons
  2 iguanas
  An orc wizard (D:5)
  13 gnolls
  8 adders
  A shadow imp (D:7)
  An ufetubus (D:7)
  3 dart slugs
  12 orcs
  9 endoplasms
  5 giant cockroaches
  10 goblins
  18 hobgoblins
  11 jackals
  A quokka (D:2)
  11 ball pythons
  4 bats
  6 frilled lizards
  5 kobolds
  12 rats
163 creatures vanquished.

Notes
Turn   | Place    | Note
-------+----------+-------------------------------------------
     0 | D:1      | Urokeeper the Kobold Gladiator began the quest for the Orb.
     0 | D:1      | Reached XP level 1. HP: 12/12 MP: 1/1
   173 | D:1      | Reached XP level 2. HP: 17/17 MP: 2/2
   188 | D:1      | Found a faded altar of an unknown god.
   197 | D:1      | Reached skill level 3 in Long Blades
   488 | D:1      | Reached XP level 3. HP: 16/21 MP: 3/3
  1392 | D:2      | Reached XP level 4. HP: 26/26 MP: 4/4
  1507 | D:2      | Found a shimmering altar of Xom.
  1578 | D:2      | Reached skill level 4 in Long Blades
  2374 | D:2      | Reached XP level 5. HP: 25/30 MP: 5/5
  2793 | D:3      | You fall into a shaft and drop 2 floors!
  2793 | D:5      | Entered Level 5 of the Dungeon
  3141 | D:5      | Noticed a two-headed ogre
  3187 | D:5      | Found a staircase to the Ecumenical Temple.
  3194 | Temple   | Entered the Ecumenical Temple
  3289 | Temple   | Became a worshipper of Uskayaw the Reveller
  3396 | D:3      | Reached * piety under Uskayaw
  3538 | D:3      | Noticed Terence
  3544 | D:3      | Reached ** piety under Uskayaw
  3549 | D:3      | Killed Terence
  3668 | D:3      | Reached skill level 5 in Long Blades
  3779 | D:3      | Found a shimmering altar of Xom.
  3874 | D:3      | Noticed Natasha
  3884 | D:2      | Killed Natasha
  3885 | D:2      | Reached XP level 6. HP: 19/35 MP: 6/6
  5444 | D:4      | Reached *** piety under Uskayaw
  5700 | D:4      | Reached XP level 7. HP: 33/41 MP: 7/7
  5703 | D:4      | Reached **** piety under Uskayaw
  6004 | D:4      | Found a sparkling altar of Nemelex Xobeh.
  6004 | D:4      | Found an ornate altar of the Wu Jian Council.
  6012 | D:4      | Reached skill level 6 in Long Blades
  7663 | D:6      | Reached XP level 8. HP: 48/48 MP: 8/8
  7868 | D:6      | Found a runed translucent door.
  7871 | D:6      | Noticed Crazy Yiuf
  7959 | D:6      | Reached skill level 5 in Fighting
  8278 | D:5      | Reached skill level 7 in Long Blades
  8848 | D:6      | Found a shadowy altar of Dithmenos.
  9298 | D:7      | Reached XP level 9. HP: 37/56 MP: 9/9
  9640 | D:7      | Noticed a two-headed ogre
 10044 | D:6      | Killed Crazy Yiuf
 10749 | D:7      | Reached skill level 8 in Long Blades
 10892 | D:7      | Paralysed by a wight for 7 turns
 10896 | D:7      | HP: 2/53 [wight (5)]
 10896 | D:7      | Mangled by a wight

Illustrated notes

Levels and vault maps discovered:
D:1:      dpeg_arrival_prison, layout_loops_ring,
          shapermc_ecumenical_altar_acropolis, minmay_hedge_maze
D:2:      layout_loops_corners, basic_altar, kennysheep_generic_room_2
D:3:      layout_rooms, xom_teletrap_fun, uniq_terence, uniq_natasha
D:4:      layout_basic, gammafunk_temple_overflow_pools
D:5:      layout_gridville, minmay_temple_entry_tees
D:6:      layout_basic, marbit_many_paths, uniq_crazy_yiuf_cottage
D:7:      layout_basic, grunt_ministairs_4, st_stairs_13, item_on_display_a
Temple:   cyrus_temple_forest

Skill      XL: |  1  2  3  4  5  6  7  8  9 |
---------------+----------------------------+-----
Long Blades    | 3 4 5 6 7 8 |  8.1
Fighting       | 3 4 6 7 |  7.8
Throwing       | |  2.1
Dodging        | |  3.6

Action                   |  1- 3 |  4- 6 |  7- 9 || total
-------------------------+-------+-------+-------++-------
Melee: Long sword        |    85 |   209 |   296 ||   590
       Dagger            |     3 |     9 |     2 ||    14
       Rapier            |       |       |     6 ||     6
Throw: Throwing net      |       |     4 |     1 ||     5
       Dart              |       |     7 |    11 ||    18
Invok: Line Pass         |       |       |     1 ||     1
  Use: Potion            |       |     2 |     6 ||     8
       Scroll            |       |     1 |     7 ||     8
 Stab: Sleeping          |    17 |    10 |     8 ||    35
       Distracted        |       |     1 |       ||     1
       Paralysed         |       |     2 |     8 ||    10
       Confused          |       |       |     1 ||     1
       Invisible         |       |       |     2 ||     2
Armor: Leather armour    |    25 |    29 |    44 ||    98
       Skin              |       |       |    16 ||    16
Dodge: Dodged            |    65 |   224 |   252 ||   541
Block: Other             |       |       |    58 ||    58
       Reflection        |       |       |     1 ||     1
       Rpst.: Long sword |    22 |    53 |    72 ||   147
